[Event "FTX Road to Miami KO 2022"]
[Site "Online"]
[Date "2022.07.14"]
[Round "1.1"]
[White "Aronian, Levon"]
[Black "Erigaisi Arjun"]
[Result "1/2-1/2"]
[ECO "B22"]
[WhiteElo "2775"]
[BlackElo "2689"]
[Annotator "TA"]
[PlyCount "84"]
[EventDate "2022.07.09"]
[EventType "k.o."]
[EventCountry "NET"]
[SourceTitle "playchess.com"]
[Source "ChessBase"]
[SourceQuality "1"]
[TimeControl "900+10"]

1. e4 c5 2. Nf3 e6 3. c3 Nf6 4. e5 Nd5 5. d4 cxd4 6. cxd4 d6 7. Bc4 Be7 8. O-O O-O 9. Qe2 Nc6 10. Rd1 $1 {[%emt 0:00:02][%mdl 4] now scores much better than the old 10.Nc3.} Qc7 11. Na3 {[%emt 0:00:24] B22: Sicilian: 2 c3.} a6 {[%emt 0:00:23] [#] Inhibits Nb5.} 12. Bd2 $146 ({Predecessor:} 12. Nc2 Ncb4 {0-1 (12) Kleinert,J (2060)-Ringoir,T (2199) Dresden 2007}) 12... dxe5 13. dxe5 b5 14. Bxd5 exd5 15. Rac1 Qb7 16. Nc2 Be6 17. h3 Rac8 18. Bg5 Bf5 (18... Bxg5 {with more complications.} 19. Nxg5 Bf5 20. f4 h6) 19. Bxe7 (19. Rxd5 $2 Bxg5 20. Nxg5 Nb4 $1 $19 ) 19... Qxe7 20. Ncd4 ({Of course not} 20. Rxd5 Nb4 21. Rd2 Nxc2 22. Rdxc2 Bxc2 23. Rxc2 Qe6 $19) 20... Nxd4 21. Nxd4 Bxh3 {[%emt 0:01:08][%cal Bf5h3,Bh3c8,Bc8d7,Bd7g4][%mdl 32] ...Rxc1 is the strong threat.} 22. Rxc8 Bxc8 23. f4 g6 24. Qf3 Qh4 {[%emt 0:01:01] And now ...Bg4 would win.} 25. Rc1 Bd7 26. Qf2 Qe7 (26... Qg4 $15) 27. Qg3 Rc8 28. Rd1 (28. Rxc8+ $11 Bxc8 29. Qc3) 28... Kh8 29. Kh2 h5 30. b4 {[%emt 0:01:13] [#]} ({Better is} 30. b3 $15) 30... Bg4 $1 $17 ({And not} 30... Qxb4 31. Qg5 Re8 32. f5 $15) 31. Rd3 Kh7 (31... Qxb4 $142 {Strongly threatening ...Rc4.} 32. Qh4 Kh7) 32. a3 Rc4 33. Qe1 {[%emt 0:00:17] [#]} ({White should play} 33. Rd2) 33... Qa7 (33... g5 $1 $17 34. f5 f6) 34. Qh4 $1 $11 Qb6 ({Don't take} 34... Rxd4 35. Qf2 $14) 35. Qe7 Rxd4 36. Qxf7+ {[%emt 0:00:01] The position is equal.} Kh8 37. Qf8+ Kh7 38. Qe7+ Kg8 39. Qe8+ Kg7 40. Qe7+ Kg8 41. Qe8+ Kg7 42. Qe7+ Kg8 {[%emt 0:00:01] Weighted Error Value: White=0.12 (very precise) /Black=0.18 (very precise)} 1/2-1/2

[Event "FTX Road to Miami KO 2022"]
[Site "Online"]
[Date "2022.07.14"]
[Round "1.1"]
[White "Rapport, Richard"]
[Black "Xiong, Jeffery"]
[Result "1/2-1/2"]
[ECO "B50"]
[WhiteElo "2764"]
[BlackElo "2691"]
[Annotator "TA"]
[PlyCount "223"]
[EventDate "2022.07.09"]
[EventType "k.o."]
[EventCountry "NET"]
[SourceTitle "playchess.com"]
[Source "ChessBase"]
[SourceQuality "1"]
[TimeControl "900+10"]

1. Nf3 c5 2. e4 d6 3. c3 Nf6 4. Be2 Bd7 5. Qc2 Bc6 6. d3 g6 7. O-O Bg7 8. Nbd2 Nbd7 9. d4 cxd4 10. Nxd4 O-O 11. Rd1 Qc7 12. Nxc6 bxc6 13. Nf1 Nc5 14. Bf3 a5 15. Be3 Nfd7 16. Be2 a4 17. Nd2 d5 18. b4 axb3 19. axb3 e6 20. b4 Nb7 21. Rac1 Nd6 22. Bf4 Ne5 23. Bg3 Qb6 24. Kh1 Ra3 25. c4 dxc4 26. f4 Nd3 27. Nxc4 Nxc4 28. Rxd3 Ne3 29. Qd2 Rxd3 30. Qxd3 Rd8 31. Rxc6 Qxc6 32. Qxd8+ Bf8 33. Qd2 Qxe4 34. Bf3 Qb1+ 35. Qe1 Qb3 36. b5 Nf5 37. Qf1 Bd6 (37... Bc5 $17 {aiming for ...Qe3.} 38. Be1 Ne3) 38. b6 (38. Bf2 $11) 38... Qxb6 39. Be4 (39. Bf2 $17 Bc5 40. Bxc5 Qxc5 41. Qe1) 39... Qc5 40. Qe1 (40. Bf2 $142 Ne3 41. Qe2 Bxf4 42. g3) 40... Nxg3+ $19 41. hxg3 Qh5+ 42. Kg1 g5 $2 (42... Bc5+ $19 {and Black stays clearly on top.} 43. Kf1 Bb6) 43. Qa5 $17 Qd1+ 44. Kh2 Be7 45. Bf3 Qd4 46. fxg5 Kg7 47. Bh5 Bd6 48. Kh3 Qe3 $1 49. Bf3 Be5 50. Qb4 Qc1 ({Black should try} 50... Qxg5 $15 51. Qg4 Bf6) 51. Qh4 $11 Qh1+ 52. Kg4 Qb1 53. Kh3 Qh1+ 54. Kg4 Qe1 55. Kh3 Kf8 56. Kh2 (56. Bc6 {keeps more tension.} Qh1+ 57. Kg4 Qc1 58. Bf3) 56... Qe3 57. Qxh7 (57. Kh3 {seems wilder.} Qg1 58. Kg4 Qe1 59. Kh3) 57... Qxg5 58. Qh3 f5 59. Be2 $2 (59. Bd1 $11) 59... Ke7 $2 (59... Qe3 $19 {( -> ...Bd4)} 60. Qh4 Qxe2 61. Qd8+ Kf7 62. Qd7+ Kf6) 60. Bf3 $11 Kd6 61. Bh5 (61. Bd1 $11) 61... Kd5 (61... Kc5 $15 {deserves consideration.} 62. Be8 Bc7) 62. Bf7 {[%emt 0:00:05] [#]} (62. Be8 $1 $11) 62... Qg7 (62... Bc7 $1 $17) 63. Bh5 $11 Qg5 (63... Ke4 $11) 64. Bf7 $17 Kd6 65. Bh5 Kc5 66. Bf7 $2 {[%emt 0:00:05][%mdl 8192] [#]} (66. Be8 $15) 66... Kd5 $2 ({Better is} 66... f4 $1 $19 67. Qh4 fxg3+ 68. Kh3 Qf5+ 69. Qg4 Qxf7) 67. Be8 $11 Ke4 68. Bf7 Qf6 ({Reject} 68... Kd5 $6 69. Be8 $17) 69. Qh5 Kd4 70. Kh3 Kc5 71. Qg6 Qh8+ 72. Qh5 Qg7 73. Qg6 Qh8+ 74. Qh5 Qf6 75. Qg6 Qd8 76. Qh5 (76. Bg8 {leads to mate.} Qd1 77. Kh2 Bd4 78. g4 Qg1+ 79. Kh3 Qh1+ 80. Kg3 Qe1+ 81. Kh3 Be5 82. gxf5 exf5) 76... Qd7 77. Bg6 Qd2 78. Bxf5 $2 (78. Qf3 $11) 78... exf5 $2 ({Black should play} 78... Qe1 $19 79. Qg5 exf5 80. Qe7+ Kd4 81. Qd7+ Ke3 82. Qa7+ Kd3 83. Qd7+ Ke2 84. Qb5+ Kf2 85. Qb6+ Kf1) 79. Qxf5 $11 Qh6+ 80. Kg4 Kd6 81. Qd3+ Ke7 82. Qf5 Qh8 83. Kf3 Qa8+ 84. Kg4 Qa4+ 85. Kh3 Qa1 86. Qh7+ Kd6 87. Qd3+ Ke6 88. Qg6+ Bf6 89. Qe4+ Kf7 90. Qh7+ Kf8 91. Qe4 Qh1+ 92. Kg4 Kg7 93. Qd5 Qc1 94. Kh3 Qh6+ 95. Kg4 Qg6+ 96. Kf3 Kh6 97. Qe4 Qh5+ 98. g4 Qa5 99. g5+ Bxg5 100. Qe6+ Kg7 101. Qd7+ Kf8 102. Qd6+ Be7 103. Qh6+ Ke8 104. Qg6+ Kd8 105. Qg8+ Kd7 106. Qg4+ Kc7 107. Qc4+ Bc5 108. Qf7+ Kd8 109. Qd5+ Kc7 110. Qf7+ Kd8 111. Qd5+ Kc7 112. Qf7+ 1/2-1/2

[Event "FTX Road to Miami KO 2022"]
[Site "Online"]
[Date "2022.07.14"]
[Round "1.1"]
[White "Giri, Anish"]
[Black "Duda, Jan-Krzysztof"]
[Result "1/2-1/2"]
[ECO "A07"]
[WhiteElo "2760"]
[BlackElo "2750"]
[PlyCount "41"]
[EventDate "2022.07.09"]
[EventType "k.o."]
[EventCountry "NET"]
[TimeControl "900+10"]

1. Nf3 d5 2. g3 Bg4 3. Bg2 e6 4. h3 Bxf3 5. Bxf3 Nf6 6. d3 Nbd7 7. Bg2 c6 8. O-O Bd6 9. e4 Qc7 10. Kh1 O-O 11. f4 dxe4 12. dxe4 e5 13. f5 h6 14. Nd2 Be7 15. Qe2 a5 16. g4 Nh7 17. Nf3 Ng5 18. Nh2 Nh7 19. Nf3 Ng5 20. Nh2 Nh7 21. Nf3 1/2-1/2

[Event "FTX Road to Miami KO 2022"]
[Site "Online"]
[Date "2022.07.14"]
[Round "1.1"]
[White "Duda, Jan-Krzysztof"]
[Black "Giri, Anish"]
[Result "1/2-1/2"]
[ECO "B51"]
[WhiteElo "2750"]
[BlackElo "2760"]
[PlyCount "158"]
[EventDate "2022.07.09"]
[EventType "k.o."]
[EventCountry "NET"]
[TimeControl "900+10"]

1. e4 c5 2. Nf3 d6 3. Bb5+ Nd7 4. d3 Ngf6 5. c4 g6 6. Nc3 Bg7 7. h3 O-O 8. Ba4 Nb8 9. O-O Bd7 10. Bxd7 Nfxd7 11. Be3 Nc6 12. d4 Rc8 13. b3 a6 14. Rc1 Qa5 15. a4 e6 16. Ne2 cxd4 17. Nexd4 Nc5 18. Qc2 Qb6 19. Nxc6 Qxc6 20. Nd2 a5 21. Rfe1 Rfe8 22. Qb1 b6 23. Rcd1 h6 24. f3 Rcd8 25. Bf2 Na6 26. f4 Nc5 27. Nf3 f5 28. Bxc5 bxc5 29. exf5 gxf5 30. Rd3 Bf6 31. Re2 Kf7 32. Qe1 Ra8 33. Kh1 Re7 34. Red2 Qe4 35. Re3 Qc6 36. Rde2 Qd7 37. Qd2 Qc6 38. Rd3 Ra6 39. Kh2 Re8 40. Qd1 Rg8 41. Ree3 Qc7 42. Ne1 Ke7 43. Qh5 Bd4 44. Qxf5 Qd7 45. Nf3 Bf6 46. Qh7+ Rg7 47. Qxh6 Ra8 48. Ng5 Rag8 49. h4 Rg6 50. Qh7+ R8g7 51. Qh5 Bxg5 52. fxg5 Kd8 53. Qf3 Rh7 54. g3 Kc7 55. Qa8 Rxg5 56. Qxa5+ Kb7 57. Qb5+ Kc7 58. Qa5+ Kb7 59. b4 Rxh4+ 60. gxh4 Qh7 61. Rh3 Qe4 62. Qb5+ Kc7 63. Qa5+ Kb7 64. Qb5+ Kc7 65. hxg5 Qe2+ 66. Kg1 Qe1+ 67. Kg2 Qe2+ 68. Kg1 Qe1+ 69. Kg2 Qe2+ 70. Kg3 Qxd3+ 71. Kf4 Qd4+ 72. Kf3 Qd3+ 73. Kf2 Qd2+ 74. Kf3 Qd3+ 75. Kg4 Qe4+ 76. Kh5 Qh7+ 77. Kg4 Qe4+ 78. Kg3 Qd3+ 79. Kg4 Qe4+ 1/2-1/2

[Event "FTX Road to Miami KO 2022"]
[Site "Online"]
[Date "2022.07.14"]
[Round "1.1"]
[White "Wei, Yi"]
[Black "Sevian, Samuel"]
[Result "1/2-1/2"]
[ECO "A20"]
[WhiteElo "2727"]
[BlackElo "2684"]
[PlyCount "197"]
[EventDate "2022.07.09"]
[EventType "k.o."]
[EventCountry "NET"]
[TimeControl "900+10"]

1. c4 e5 2. g3 c6 3. Nf3 e4 4. Nd4 d5 5. cxd5 Qxd5 6. Nc2 Nf6 7. Nc3 Qe5 8. Bg2 Na6 9. O-O Be7 10. Ne3 O-O 11. a3 Re8 12. b4 Qe6 13. Bb2 c5 14. b5 Nc7 15. Qc2 Bf8 16. f3 exf3 17. Rxf3 Bd6 18. Raf1 Be5 19. Nf5 c4 20. Kh1 Ng4 21. Ne4 Bxb2 22. Qxb2 Qe5 23. Qc1 Qxe4 24. Nd6 Qe6 25. Nxe8 Nxe8 26. Rf4 Nd6 27. Qc3 Bd7 28. Qd4 Ne5 29. a4 Qe7 30. Qc5 Rc8 31. Qxa7 Be6 32. Qb6 h5 33. Rd4 Nf5 34. Re4 Qc5 35. Qxc5 Rxc5 36. Ref4 Ng6 37. R4f3 b6 38. Rc3 Ne5 39. Rf4 g5 40. Rf1 Nd4 41. Re1 Kg7 42. d3 Nb3 43. dxc4 Na5 44. Rd1 Rxc4 45. Rxc4 Nexc4 46. Be4 Kf6 47. h4 Ke5 48. Bd3 Nb2 49. Rd2 Nxa4 50. hxg5 Nc3 51. Rc2 Kd4 52. g6 fxg6 53. Bxg6 Bg4 54. e3+ Kc4 55. e4 Kd4 56. Rd2+ Ke3 57. Rd6 Nc4 58. Rc6 Kd4 59. Bf5 Nxb5 60. Kg2 Nc3 61. Bxg4 hxg4 62. e5 Kd5 63. Rg6 Kxe5 64. Kf2 Ne4+ 65. Ke1 Kf5 66. Rc6 b5 67. Rc8 Ke5 68. Rg8 Kf5 69. Rf8+ Nf6 70. Ke2 Nd6 71. Kd3 Ke5 72. Rh8 Kd5 73. Rh6 Nde4 74. Rg6 Kc5 75. Rh6 Kb4 76. Kd4 Kb3 77. Rh1 b4 78. Rf1 Ka3 79. Ra1+ Kb2 80. Ra6 b3 81. Rb6 Kc2 82. Rc6+ Kb1 83. Rb6 b2 84. Rc6 Ka2 85. Ra6+ Kb3 86. Rb6+ Kc2 87. Rc6+ Kd2 88. Rb6 Kc1 89. Rc6+ Kb1 90. Re6 Nxg3 91. Rxf6 Kc2 92. Rc6+ Kb1 93. Rg6 Nf1 94. Kd3 g3 95. Ke2 g2 96. Rxg2 Ka1 97. Rg1 b1=Q 98. Rxf1 Qxf1+ 99. Kxf1 1/2-1/2

[Event "FTX Road to Miami KO 2022"]
[Site "Online"]
[Date "2022.07.14"]
[Round "1.1"]
[White "Xiong, Jeffery"]
[Black "Rapport, Richard"]
[Result "1/2-1/2"]
[ECO "D13"]
[WhiteElo "2691"]
[BlackElo "2764"]
[Annotator "TA"]
[PlyCount "280"]
[EventDate "2022.07.09"]
[EventType "k.o."]
[EventCountry "NET"]
[SourceTitle "playchess.com"]
[Source "ChessBase"]
[SourceQuality "1"]
[TimeControl "900+10"]

1. d4 Nf6 2. c4 c6 3. Nc3 d5 4. cxd5 cxd5 5. Bf4 Nc6 6. e3 a6 7. Be2 Bf5 8. Nf3 e6 9. Qb3 Ra7 10. O-O Nd7 11. h3 Be7 12. Bh2 O-O 13. Rfc1 Na5 14. Qa4 b5 15. Qd1 Qb6 16. a4 b4 17. Nb1 b3 18. Ne1 Bd6 19. Bxd6 Qxd6 20. Nd2 Rb8 21. Rc3 Rab7 22. Nd3 e5 23. dxe5 Nxe5 24. Nxe5 Qxe5 25. Bxa6 Rb6 26. Bb5 Rg6 27. Nf3 Qf6 28. Qxd5 Rd8 29. Qe5 Bxh3 30. Qxf6 Rxg2+ 31. Kh1 gxf6 32. Ng1 Rxf2 33. Nxh3 Rxb2 34. Rg1+ Kf8 35. Bd3 Ra2 36. Nf4 b2 37. Rc5 Nb3 38. Rb5 Nd2 39. Bxh7 Nf3 40. Rg8+ Ke7 41. Rb7+ Rd7 42. Nd5+ Ke6 43. Re8+ Kxd5 44. Rxd7+ Kc6 45. Rd1 b1=Q 46. Rc8+ Kb7 47. Rxb1+ Kxc8 48. Rc1+ Kb8 49. Bc2 Ka7 50. Rf1 Nd2 51. Rxf6 Rxc2 52. Rxf7+ Kb6 53. Rf2 Rc1+ 54. Kg2 Nc4 55. Kf3 Kc5 56. Ke4 Re1 57. Rf5+ Kb4 58. Rb5+ Kxa4 59. Rb8 Ka5 60. Kd4 Nb6 61. Rb7 Kb5 62. Rc7 Rd1+ 63. Ke4 Nc4 64. Kf4 Rf1+ 65. Ke4 Na5 66. Kd5 Rd1+ 67. Ke4 Nc6 68. Rh7 Kc4 69. Rh2 Nb4 70. Rh8 Nd3 71. Rc8+ Nc5+ 72. Kf3 Rf1+ 73. Ke2 Rf7 74. Rd8 Ne6 75. Rd6 Rf6 76. Rd1 Rh6 77. Kf3 Kc5 78. Ke4 Rh5 79. Rd2 Kc6 80. Rd1 Ra5 81. Rd2 Nc7 82. Kf3 Nd5 83. e4 Nf6 84. Kf4 Nd7 85. Rd1 Ra2 86. e5 Rf2+ 87. Ke3 Rf5 88. e6 Nc5 89. e7 $1 Re5+ 90. Kf4 Rxe7 91. Kf5 Re2 92. Kf4 Nb7 93. Kf3 Ra2 94. Kf4 Nd6 95. Ke5 Re2+ 96. Kf4 Kc5 97. Rc1+ Nc4 98. Rd1 Re8 99. Kf3 Nb6 100. Rc1+ Kd6 101. Kf2 Nd5 102. Re1 Rf8+ 103. Kg3 Kc5 104. Rd1 Kc4 105. Rd2 Ne3 106. Rd7 Nd5 107. Ra7 Kd4 108. Ra4+ Ke5 109. Ra5 Rb8 110. Ra3 Rb4 111. Kf3 Rf4+ 112. Kg3 Rf1 113. Ra5 Rd1 114. Ra3 Nb6 115. Re3+ Kf5 116. Rc3 Nd7 117. Rf3+ Ke4 118. Rf4+ Ke5 119. Rf3 Nf6 120. Ra3 Ne4+ 121. Kf3 Rd5 122. Re3 Rd4 123. Re1 Rb4 124. Re3 Kf5 125. Rd3 Nf6 126. Ra3 Ng4 127. Ra5+ Ne5+ 128. Ke3 Rb3+ 129. Kd2 Ke4 130. Kc2 Rh3 131. Ra8 Nc6 132. Ra4+ Nd4+ 133. Kb2 Rb3+ 134. Ka2 Rb6 135. Ra3 $1 Ne2 136. Rh3 Kd4 137. Ka3 Kc4 138. Rh4+ Nd4 139. Ka2 Rf6 140. Rh2 Kc3 1/2-1/2

[Event "FTX Road to Miami KO 2022"]
[Site "Online"]
[Date "2022.07.14"]
[Round "1.1"]
[White "Erigaisi Arjun"]
[Black "Aronian, Levon"]
[Result "1-0"]
[ECO "D20"]
[WhiteElo "2689"]
[BlackElo "2775"]
[Annotator "TA"]
[PlyCount "111"]
[EventDate "2022.07.09"]
[EventType "k.o."]
[EventCountry "NET"]
[SourceTitle "playchess.com"]
[Source "ChessBase"]
[SourceQuality "1"]
[TimeControl "900+10"]

1. d4 d5 2. c4 dxc4 3. e4 b5 4. a4 c6 5. axb5 cxb5 6. Nc3 {[%emt 0:00:00][%cal Bb1c3,Bc3d5,Bd5c7][%mdl 32] D20: Queen's Gambit Accepted: 3 e3 and 3 e4.} Qb6 {[%emt 0:00:01] is the new trend.} 7. Nd5 Qb7 8. Bf4 {[%emt 0:00:01] White is slightly better.} e5 $1 9. Bxe5 Nd7 $1 10. Bf4 Ngf6 11. Nc7+ $1 Kd8 {[%emt 0:00:02] And now ...Bb4+ would win.} 12. Nxa8 {[%emt 0:00:00][%cal Of2f3] Hoping for f3!} Qxe4+ 13. Ne2 Qxa8 14. Nc3 Bb4 15. f3 $1 a5 (15... Nd5 16. Bd2 $16) 16. Be2 Qc6 17. O-O Re8 18. Re1 {[%emt 0:00:14] [#]} a4 $146 ({Predecessor:} 18... Bxc3 19. bxc3 Nd5 20. Qd2 b4 21. Rxa5 Nxc3 22. Bf1 Rxe1 23. Qxe1 Qb6 24. Ra8 Nd5 {½-½ (71) Fodor,B (2120)-Dev,S (2243) Budapest 2021}) 19. Bd2 Nb6 20. Ne4 Bd6 (20... Bxd2 21. Qxd2 Bf5 22. Qf4 $16) 21. d5 (21. Ba5 $14 Bc7 22. Qd2) 21... Nbxd5 $11 22. Nxd6 {[%emt 0:00:39] Dancing on a razor blade.} Qxd6 23. Ba5+ Kd7 24. Qd4 Bb7 25. Bf1 Ra8 26. Bc3 Qb6 ({Better is} 26... Nxc3 $15 27. Qxc3 Kc7) 27. Qxb6 Nxb6 {[%emt 0:00:00] Pair of Knights!} 28. f4 Bd5 29. f5 Kc6 30. Re3 Nfd7 31. Rh3 Be4 32. Rxh7 ({Don't take} 32. Bxg7 Bxf5 33. Rh4 f6 $14) 32... Nd5 33. Bxg7 {[%emt 0:01:31] Black should prevent g4.} f6 34. Rh8 {[%emt 0:00:54] Against Rg8} (34. Rh4 $5 Bxf5 35. g3 $16) 34... Rxh8 35. Bxh8 Bxf5 {[%emt 0:00:02] aiming for ...c3.} 36. h4 (36. Bxc4 $11 {remains equal.} bxc4 37. Rxa4) 36... Bg4 (36... c3 $1 $17 37. bxc3 Nxc3) 37. Kf2 Nc5 38. Be2 $2 (38. Re1 $11) 38... Bxe2 $1 $19 39. Kxe2 {[%emt 0:00:00][%mdl 4096] Endgame KRB-KNN} Nd3 {[%emt 0:00:00] Prevents Rc1.} (39... b4 $1 $19 {Threatens to win with ...c3.} 40. Rf1 Ne4) 40. Rf1 $1 $16 ({Stronger than} 40. Rb1 a3 41. Bxf6 Nxf6 42. bxa3 Kc5 $15) 40... Nxb2 (40... b4 $16) 41. Bxf6 (41. h5 $1 $18 {and the rest is easy.}) 41... Nd3 {[%emt 0:00:20] Strongly threatening ...b4.} (41... Nxf6 $2 42. Rxf6+ Kd7 43. h5 $18) 42. g3 {[%emt 0:00:44] h5 is the strong threat.} a3 $2 (42... Nxf6 $2 43. Rxf6+ Kd7 44. h5 $18) (42... Nc1+ $16 43. Rxc1 Nxf6) 43. h5 $18 Nc1+ 44. Kd1 $1 Nb3 {[%emt 0:00:04] [#]} 45. h6 $1 a2 46. h7 Nxf6 47. Rxf6+ {[%emt 0:00:00] KR-KN} Kb7 48. Rf7+ Kb6 49. h8=Q {[%emt 0:00:00] Threatening mate with Qd8+.} a1=Q+ 50. Qxa1 Nxa1 {[%emt 0:00:00] KR-KN} 51. g4 b4 52. g5 b3 53. Rf2 c3 54. Kc1 b2+ {[%emt 0:00:02] [#]} 55. Rxb2+ $1 cxb2+ 56. Kxb2 {[%emt 0:00:00] Weighted Error Value: White=0.23 (precise) /Black=0.24 (precise)} 1-0

[Event "FTX Road to Miami KO 2022"]
[Site "Online"]
[Date "2022.07.14"]
[Round "1.1"]
[White "Sevian, Samuel"]
[Black "Wei, Yi"]
[Result "0-1"]
[ECO "B06"]
[WhiteElo "2684"]
[BlackElo "2727"]
[PlyCount "194"]
[EventDate "2022.07.09"]
[EventType "k.o."]
[EventCountry "NET"]
[TimeControl "900+10"]

1. d4 g6 2. e4 Bg7 3. Nc3 a6 4. g4 d6 5. Bg2 Nc6 6. d5 Nd4 7. g5 h6 8. h4 e5 9. Nce2 c5 10. Ng3 f5 11. gxf6 Nxf6 12. c3 Nb5 13. Bh3 O-O 14. h5 g5 15. Bxc8 Rxc8 16. Be3 Nc7 17. f3 b5 18. N1e2 Qd7 19. Qd2 Nh7 20. Rf1 Na8 21. b3 a5 22. a4 Nb6 23. axb5 Qxb5 24. Qa2 Ra8 25. c4 Qd7 26. Qc2 Nf6 27. Rh1 a4 28. b4 Qc7 29. bxc5 dxc5 30. Nf5 a3 31. Qc1 a2 32. Qc2 Ra4 33. Rxa2 Rxc4 34. Qb1 Rb4 35. Qc2 Nc4 36. Bc1 Qd7 37. Neg3 Rfb8 38. Kf1 Bf8 39. Kg2 Kh7 40. Qc3 Qf7 41. Bd2 Nxd2 42. Qxd2 c4 43. d6 c3 44. Qf2 Rb2 45. Rxb2 Rxb2 46. Ne2 Nxh5 47. Rxh5 Qxh5 48. d7 g4 49. fxg4 Qxg4+ 50. Nfg3 Be7 51. Qf7+ Qg7 52. Qc4 Bh4 53. Kh3 Bd8 54. Qc8 Qg5 55. Qc4 Qg7 56. Qc8 Qe7 57. Kg2 Qg5 58. Qc4 c2 59. Kf3 c1=Q 60. Qf7+ Qg7 61. Qf5+ Qg6 62. Nxc1 Rd2 63. Nce2 Rd3+ 64. Kf2 Bh4 65. Qxe5 Rxd7 66. Kg2 Bxg3 67. Nxg3 Qg4 68. Qf5+ Qxf5 69. exf5 Rd3 70. Nh5 Kg8 71. Nf6+ Kg7 72. Ng4 Rd5 73. Ne3 Rd4 74. Kf3 Kf6 75. Kg3 Kg5 76. Kf3 h5 77. Kg3 Rf4 78. Kg2 h4 79. Nd1 Rxf5 80. Nf2 Ra5 81. Nh3+ Kh5 82. Nf2 Rg5+ 83. Kh2 Rg3 84. Ne4 Re3 85. Nf2 Kg5 86. Kg2 Rg3+ 87. Kh2 Kf4 88. Nh3+ Kg4 89. Nf2+ Kf3 90. Nd3 Ke3 91. Ne1 Kf2 92. Nc2 Rg4 93. Na1 Rg2+ 94. Kh3 Rg1 95. Nc2 Rh1+ 96. Kg4 Rc1 97. Na3 h3 0-1

[Event "FTX Road to Miami KO 2022"]
[Site "Online"]
[Date "2022.07.15"]
[Round "2.1"]
[White "Aronian, Levon"]
[Black "Duda, Jan-Krzysztof"]
[Result "1/2-1/2"]
[ECO "E20"]
[WhiteElo "2775"]
[BlackElo "2750"]
[Annotator "TA"]
[PlyCount "108"]
[EventDate "2022.07.09"]
[EventType "k.o."]
[EventCountry "NET"]
[SourceTitle "playchess.com"]
[Source "ChessBase"]
[SourceQuality "1"]
[TimeControl "900+10"]

1. d4 Nf6 2. c4 e6 3. Nc3 Bb4 4. Nf3 c5 5. g3 Nc6 6. Bg2 Ne4 7. Bd2 Bxc3 8. bxc3 O-O {[%emt 0:00:05] E20: Nimzo-Indian: 4 g3 and 4 f3.} 9. O-O b6 {[%emt 0:00:02] [#]} 10. Ne5 $146 ({Predecessor:} 10. dxc5 bxc5 11. Be3 Bb7 12. Nd2 Nxc3 13. Qe1 Na4 14. Rb1 Rb8 15. Ne4 Nd4 16. Nxc5 Nxc5 17. Bxd4 Bxg2 18. Kxg2 {1-0 (40) Bareev,E (2634)-Karpov,A (2619) Moscow 2009}) 10... Nxd2 {[%emt 0:00:18] White has an edge.} 11. Nxc6 ({Reject} 11. Bxc6 dxc6 12. Qxd2 f6 $15) 11... dxc6 12. Qxd2 Qd6 13. Qf4 Qxf4 14. gxf4 Ba6 $1 15. Bxc6 Rad8 16. dxc5 Rc8 17. Bb5 Bxb5 18. cxb5 {[%emt 0:00:00] [#] Hoping for c6.} Rxc5 $11 {[%emt 0:00:01][%mdl 4096] Endgame KRR-KRR} 19. a4 Rfc8 20. Ra3 Rd5 21. Rb1 g6 22. a5 Rcc5 23. axb6 axb6 24. Ra6 Rxb5 25. Rxb6 Rbc5 26. Rc1 Rd2 27. Kf1 Ra2 28. Rd6 Ra4 29. e3 Ra2 30. c4 Kf8 31. Rd4 Ke7 32. Kg2 h6 33. h4 Rb2 34. Kg3 (34. Ra1 $5 ) 34... Kf6 35. Kf3 Ra2 36. Rc3 Ke7 37. Rd1 Ra4 38. Rdc1 Ra7 39. e4 Rac7 40. e5 g5 41. hxg5 hxg5 {[%emt 0:00:00] The position is equal.} 42. Ke4 gxf4 43. Kxf4 f6 44. exf6+ Kxf6 45. Ke3 Re5+ 46. Kd2 Rd7+ 47. Rd3 Rxd3+ 48. Kxd3 {[%emt 0:00:01] KR-KR} Ke7 49. f4 Rf5 50. Ke4 Rc5 51. Kd4 Rf5 52. Ke3 e5 53. fxe5 Rxe5+ 54. Kd4 Rh5 {[%emt 0:00:03] Weighted Error Value: White=0.04 (flawless) /Black=0.04 (flawless)} 1/2-1/2

[Event "FTX Road to Miami KO 2022"]
[Site "Online"]
[Date "2022.07.15"]
[Round "2.1"]
[White "Rapport, Richard"]
[Black "Wei, Yi"]
[Result "0-1"]
[ECO "B51"]
[WhiteElo "2764"]
[BlackElo "2727"]
[Annotator "TA"]
[PlyCount "82"]
[EventDate "2022.07.09"]
[EventType "k.o."]
[EventCountry "NET"]
[SourceTitle "playchess.com"]
[Source "ChessBase"]
[SourceQuality "1"]
[TimeControl "900+10"]

1. e4 c5 2. Nf3 d6 3. Bb5+ Nd7 4. d4 cxd4 5. Nxd4 Ngf6 6. O-O {[%emt 0:00:03] B51: Sicilian: Moscow Variation (3 Bb5+) without 3...Bd7.} e5 7. Nf5 a6 8. Bd3 {[%emt 0:00:01] The position is equal.} Nc5 9. Nc3 d5 10. Bg5 dxe4 11. Bxe4 Ncxe4 12. Nxg7+ Bxg7 13. Qxd8+ Kxd8 14. Nxe4 Ke7 {[%emt 0:00:01] [#] Hoping for ...Bf5.} 15. f4 Ke6 16. f5+ Ke7 17. Rad1 a5 {[%emt 0:06:03] aiming for ...h6.} (17... h6 $5 18. Bh4 a5 $14) 18. Rd5 $1 Ra6 {[%emt 0:00:03] ...Rd8 is the strong threat.} 19. Re1 $1 Kf8 20. Rd8+ Ke7 21. Rd5 Kf8 22. Rxe5 Ng4 {[%emt 0:06:35] [#]} ({Don't play} 22... Nxe4 23. R5xe4 Bxb2 24. Re8+ Kg7 25. Rxh8 Kxh8 26. Re8+ Kg7 27. Rxc8 $14) 23. Rd5 $146 (23. Be7+ $11 Kg8 24. Rd5) ({Predecessor:} 23. Be7+ Kg8 24. Rd5 h6 25. h3 Nf6 26. Nxf6+ Rxf6 27. Bxf6 Bxf6 28. Re8+ Kh7 29. Rxh8+ Bxh8 30. c3 a4 31. g4 {1-0 (52) Libiszewski,F (2514)-Wachinger,N (2376) Germany 2022}) 23... f6 $15 24. Bf4 {[%emt 0:02:17] And now Nd6 would win.} Ne5 25. Rc5 (25. Bxe5 $15 fxe5 26. Rc5) 25... Bxf5 $17 26. Bxe5 Bxe4 (26... fxe5 $2 27. Rf1 Rc6 28. Rxf5+ Ke7 29. Rxa5 $18) 27. Rc8+ Kf7 28. Rc7+ Kg8 (28... Kg6 $2 29. Rxe4 fxe5 30. Rg4+ Kf5 31. Rgxg7 $16) 29. Rc8+ {[%emt 0:00:12] [#]} Kf7 ({Black should try} 29... Bf8 $1 $17 {Threatens to win with ...Bf5.} 30. Rxe4 fxe5 31. Rxe5 Kg7) 30. Rc7+ $11 Kg8 (30... Kg6 $2 31. Rxe4 fxe5 32. Rg4+ Kf5 33. Rgxg7 $16) (30... Kf8 $11) 31. Rc8+ $1 $15 Bf8 $1 {[%emt 0:00:02] Strongly threatening ...Bf5.} 32. Bd4 (32. Rxe4 $15 fxe5 33. Rxe5) 32... Re6 (32... Bf5 $19 33. Rb8 Bxc2) 33. Re3 $2 {[%emt 0:01:09][%mdl 8192] Loses the game.} ({Of course not} 33. Bxf6 Rxf6 34. Rxe4 b6 $17) (33. Rxe4 $1 $15 Rxe4 34. Bxf6) 33... Kf7 $19 34. Rc7+ Be7 35. Bc5 Re8 36. Kf2 Bc6 37. Ra3 a4 38. b4 axb3 39. axb3 Kg6 40. Rxe7 R8xe7 41. Bxe7 Rxe7 {[%emt 0:00:00] Weighted Error Value: White=0.18 (very precise) /Black=0.10 (very precise)} 0-1